NCAA
RUTGERS SCARLET KNIGHTS @ PENN STATE NITTANY LIONS
04/27/2029
 
TOP OF THE 1ST
Rutgers Scarlet Knights batting - Pitching for Penn State Nittany Lions : LHP Dwayne Lambright
Pitching: LHP Dwayne Lambright
Batting: SHB Pat Brock 0-0: Called Strike
0-1: Called Strike
0-2: Ball
1-2: Ball
2-2: Strikes out swinging
Batting: RHB Michael Gibson 0-0: SINGLE (Groundball, 6MD)
Batting: RHB Howard Battle 0-0: Foul Ball, location: 2F
0-1: Foul Ball, location: 2F
0-2: Ball
1-2: Foul Ball, location: 2F
1-2: Foul Ball, location: 2F
1-2: Ball
2-2: Foul Ball, location: 2F
2-2: Strikes out swinging
Batting: RHB Harry Wilkins 0-0: Ball
1-0: Ball
2-0: Ball
3-0: Called Strike
3-1: Called Strike
3-2: Foul Ball, location: 2F
3-2: Foul Ball, location: 2F
3-2: Base on Balls
Michael Gibson to second
Batting: RHB Randy Guthrie 0-0: Ball
1-0: Foul Ball, location: 2F
1-1: Ball
2-1: Foul Ball, location: 2F
2-2: Foul Ball, location: 2F
2-2: Ball
3-2: Base on Balls
Michael Gibson to third
Harry Wilkins to second
Batting: RHB Joseph McCarteney 0-0: Ball
1-0: Swinging Strike
1-1: Called Strike
1-2: Strikes out looking
Top of the 1st over - 0 runs, 1 hit, 0 errors, 3 left on base; Rutgers 0 - Penn State 0
BOTTOM OF THE 1ST
Penn State Nittany Lions batting - Pitching for Rutgers Scarlet Knights : RHP Robin Richmond
Pitching: RHP Robin Richmond
Batting: RHB Lane Wilcox 0-0: Called Strike
0-1: Swinging Strike
0-2: Ball
1-2: Strikes out swinging
Batting: LHB Mauro Flores 0-0: SINGLE (Groundball, 56D)
Batting: LHB Jerry Koch 0-0: Foul Ball, location: 2F
0-1: Ball
1-1: Fly out, F5 (Line Drive, 56)
Batting: SHB Francisco Madrigal 0-0: Ball
1-0: Foul Ball, location: 2F
1-1: Ball
2-1: Fielders Choice at 2nd, 6-4 (Groundball, 56)
Bottom of the 1st over - 0 runs, 1 hit, 0 errors, 1 left on base; Rutgers 0 - Penn State 0
TOP OF THE 2ND
Rutgers Scarlet Knights batting - Pitching for Penn State Nittany Lions : LHP Dwayne Lambright
Batting: LHB Andre Montgomery 0-0: Bunt missed!
0-1: SINGLE (Flyball, 7S)
Batting: LHB Dennis Montgomery 0-0: Foul Ball, location: 2F
0-1: Called Strike
0-2: SINGLE (Flyball, 34D)
Andre Montgomery to second
Runner from 2nd tries for 3rd, OUT!
Dennis Montgomery to second
Batting: RHB Norm Gunn 0-0: Swinging Strike
0-1: Ball
1-1: Fly out, F9 (Line Drive, 9S)
Batting: SHB Pat Brock 0-0: Ball
1-0: Ball
2-0: Called Strike
2-1: Ball
3-1: Base on Balls
Batting: RHB Michael Gibson 0-0: Called Strike
0-1: Swinging Strike
0-2: Fly out, F5 (Line Drive, 5)
Top of the 2nd over - 0 runs, 2 hits, 0 errors, 2 left on base; Rutgers 0 - Penn State 0
BOTTOM OF THE 2ND
Penn State Nittany Lions batting - Pitching for Rutgers Scarlet Knights : RHP Robin Richmond
Batting: LHB Ángel Santos 0-0: Called Strike
0-1: Foul Ball, location: 2F
0-2: Ball
1-2: Ground out 4-3 (Groundball, 4)
Batting: SHB Danny Parkins 0-0: Called Strike
0-1: Ball
1-1: Ground out U3 (Groundball, 34)
Batting: RHB Steffen Hansen 0-0: Ground out 6-3 (Groundball, 6)
Bottom of the 2nd over - 0 runs, 0 hits, 0 errors, 0 left on base; Rutgers 0 - Penn State 0
TOP OF THE 3RD
Rutgers Scarlet Knights batting - Pitching for Penn State Nittany Lions : LHP Dwayne Lambright
Batting: RHB Howard Battle 0-0: Ball
1-0: Ball
2-0: Swinging Strike
2-1: Called Strike
2-2: Foul Ball, location: 2F
2-2: Ball
3-2: Strikes out swinging
Batting: RHB Harry Wilkins 0-0: Called Strike
0-1: Ball
1-1: Swinging Strike
1-2: Foul Ball, location: 2F
1-2: Ball
2-2: Foul Ball, location: 2F
2-2: SINGLE (Flyball, 78S)
Batting: RHB Randy Guthrie 0-0: Ball
1-0: Grounds into double play, 4-6-3 (Groundball, 4)
Top of the 3rd over - 0 runs, 1 hit, 0 errors, 0 left on base; Rutgers 0 - Penn State 0
BOTTOM OF THE 3RD
Penn State Nittany Lions batting - Pitching for Rutgers Scarlet Knights : RHP Robin Richmond
Batting: LHB Damian West 0-0: Called Strike
0-1: Ground out 3-1 (Groundball, 34)
Batting: RHB Greg Coleman 0-0: Called Strike
0-1: Ground out 6-3 (Groundball, 6)
Batting: RHB Lane Wilcox 0-0: Called Strike
0-1: Swinging Strike
0-2: Ball
1-2: Strikes out looking
Bottom of the 3rd over - 0 runs, 0 hits, 0 errors, 0 left on base; Rutgers 0 - Penn State 0
TOP OF THE 4TH
Rutgers Scarlet Knights batting - Pitching for Penn State Nittany Lions : LHP Dwayne Lambright
Batting: RHB Joseph McCarteney 0-0: Ball
1-0: Ball
2-0: Ball
3-0: Called Strike
3-1: Foul Ball, location: 2F
3-2: Foul Ball, location: 2F
3-2: Foul Ball, location: 2F
3-2: Fly out, F8 (Line Drive, 89M)
Batting: LHB Andre Montgomery 0-0: Ball
1-0: Ball
2-0: Called Strike
2-1: SINGLE (Groundball, 6MD)
Batting: LHB Dennis Montgomery 0-0: Called Strike
0-1: Ball
1-1: Called Strike
1-2: Foul Ball, location: 2F
1-2: Foul Ball, location: 2F
1-2: Fly out, F9 (Flyball, 9S)
Pitching: RHP Britt McQueen
Batting: RHB Norm Gunn 0-0: Foul Ball, location: 2F
0-1: Foul Ball, location: 2F
0-2: Fly out, F7 (Flyball, 78D)
Top of the 4th over - 0 runs, 1 hit, 0 errors, 1 left on base; Rutgers 0 - Penn State 0
BOTTOM OF THE 4TH
Penn State Nittany Lions batting - Pitching for Rutgers Scarlet Knights : RHP Robin Richmond
Batting: LHB Mauro Flores 0-0: Foul Ball, location: 2F
0-1: Ball
1-1: Foul Ball, location: 2F
1-2: Strikes out looking
Batting: LHB Jerry Koch 0-0: Foul Ball, location: 2F
0-1: Fly out, F6 (Popup, 6M)
Batting: SHB Francisco Madrigal 0-0: Called Strike
0-1: Called Strike
0-2: Strikes out looking
Bottom of the 4th over - 0 runs, 0 hits, 0 errors, 0 left on base; Rutgers 0 - Penn State 0
TOP OF THE 5TH
Rutgers Scarlet Knights batting - Pitching for Penn State Nittany Lions : RHP Britt McQueen
Batting: SHB Pat Brock 0-0: Bunted foul
0-1: Swinging Strike
0-2: Ball
1-2: Strikes out swinging
Batting: RHB Michael Gibson 0-0: Ball
1-0: Foul Ball, location: 2F
1-1: Ball
2-1: Foul Ball, location: 2F
2-2: Strikes out swinging
Batting: RHB Howard Battle 0-0: Ground out 4-3 (Groundball, 4)
Top of the 5th over - 0 runs, 0 hits, 0 errors, 0 left on base; Rutgers 0 - Penn State 0
BOTTOM OF THE 5TH
Penn State Nittany Lions batting - Pitching for Rutgers Scarlet Knights : RHP Robin Richmond
Batting: LHB Ángel Santos 0-0: Foul Ball, location: 2F
0-1: Called Strike
0-2: Ball
1-2: Ball
2-2: Foul Ball, location: 2F
2-2: Strikes out swinging
Batting: SHB Danny Parkins 0-0: Foul Ball, location: 2F
0-1: SINGLE (Line Drive, 56D)
Batting: RHB Steffen Hansen 0-0: Called Strike
0-1: Called Strike
0-2: Grounds into double play, 5-4-3 (Groundball, 56)
Bottom of the 5th over - 0 runs, 1 hit, 0 errors, 0 left on base; Rutgers 0 - Penn State 0
TOP OF THE 6TH
Rutgers Scarlet Knights batting - Pitching for Penn State Nittany Lions : RHP Britt McQueen
Batting: RHB Harry Wilkins 0-0: Ball
1-0: Foul Ball, location: 2F
1-1: Ball
2-1: Called Strike
2-2: Foul Ball, location: 2F
2-2: Foul Ball, location: 2F
2-2: Ball
3-2: Base on Balls
Batting: RHB Randy Guthrie 0-0: Ball
1-0: Ball
2-0: Ball
3-0: Base on Balls
Harry Wilkins to second
Batting: RHB Joseph McCarteney 0-0: Fly out, F9 (Flyball, 9)
Batting: LHB Andre Montgomery 0-0: Ball
1-0: Swinging Strike
1-1: Called Strike
1-2: Strikes out looking
Batting: LHB Dennis Montgomery 0-0: Called Strike
0-1: Foul Ball, location: 2F
0-2: Ground out 4-3 (Groundball, 4)
Top of the 6th over - 0 runs, 0 hits, 0 errors, 2 left on base; Rutgers 0 - Penn State 0
BOTTOM OF THE 6TH
Penn State Nittany Lions batting - Pitching for Rutgers Scarlet Knights : RHP Robin Richmond
Batting: LHB Damian West 0-0: Foul Ball, location: 2F
0-1: Foul Ball, location: 2F
0-2: Foul Ball, location: 2F
0-2: Foul Ball, location: 2F
0-2: Ball
1-2: Strikes out swinging
Batting: RHB Greg Coleman 0-0: SINGLE (Groundball, 4MD)
Batting: RHB Lane Wilcox 0-0: Called Strike
0-1: Ball
1-1: Ball
2-1: Called Strike
2-2: Fielders Choice at 2nd, 4-6 (Groundball, 4MD)
Batting: LHB Mauro Flores 0-0: Ball
Wild Pitch!
Lane Wilcox to second
1-0: Ball
2-0: SINGLE (Line Drive, 7S)
Lane Wilcox to third
Throwing error, E7
Lane Wilcox scores
Mauro Flores to second
Batting: LHB Jerry Koch 0-0: Swinging Strike
0-1: Foul Ball, location: 2F
0-2: Foul Ball, location: 2F
0-2: Ball
1-2: Ball
2-2: Foul Ball, location: 2F
2-2: Foul Ball, location: 2F
2-2: Foul Ball, location: 2F
2-2: Strikes out swinging
Bottom of the 6th over - 1 run, 2 hits, 1 error, 1 left on base; Rutgers 0 - Penn State 1
TOP OF THE 7TH
Rutgers Scarlet Knights batting - Pitching for Penn State Nittany Lions : RHP Britt McQueen
Batting: RHB Norm Gunn 0-0: DOUBLE (Line Drive, 7LM)
Batting: SHB Pat Brock 0-0: Called Strike
0-1: Ball
1-1: Foul Ball, location: 2F
1-2: Ball
2-2: Ball
3-2: Base on Balls
Batting: RHB Michael Gibson 0-0: Grounds into double play, 6-4-3 (Groundball, 6)
Norm Gunn to third
Batting: RHB Howard Battle 0-0: Ground out 5-3 (Groundball, 56)
Top of the 7th over - 0 runs, 1 hit, 0 errors, 1 left on base; Rutgers 0 - Penn State 1
BOTTOM OF THE 7TH
Penn State Nittany Lions batting - Pitching for Rutgers Scarlet Knights : RHP Robin Richmond
Batting: SHB Francisco Madrigal 0-0: Called Strike
0-1: Ball
1-1: Called Strike
1-2: Ball
2-2: Ball
3-2: Strikes out swinging
Batting: LHB Ángel Santos 0-0: Called Strike
0-1: Foul Ball, location: 2F
0-2: Ball
1-2: Strikes out swinging
Batting: SHB Danny Parkins 0-0: Swinging Strike
0-1: Foul Ball, location: 2F
0-2: Foul Ball, location: 2F
0-2: Ball
1-2: Ball
2-2: Strikes out swinging
Bottom of the 7th over - 0 runs, 0 hits, 0 errors, 0 left on base; Rutgers 0 - Penn State 1
TOP OF THE 8TH
Rutgers Scarlet Knights batting - Pitching for Penn State Nittany Lions : RHP Britt McQueen
Now at 3B: Steve King
Batting: RHB Harry Wilkins 0-0: Called Strike
0-1: Foul Ball, location: 2F
0-2: Strikes out swinging
Batting: RHB Randy Guthrie 0-0: Ball
1-0: Ball
2-0: Ball
3-0: Base on Balls
Batting: RHB Joseph McCarteney 0-0: Ball
1-0: Ball
2-0: Called Strike
2-1: Called Strike
2-2: Strikes out swinging
Pitching: LHP Ryan Roach
Batting: LHB Andre Montgomery 0-0: SINGLE (Groundball, 34) (infield hit)
Randy Guthrie to second
Batting: LHB Dennis Montgomery 0-0: Called Strike
0-1: Ball
1-1: Ground out 5-3 (Groundball, 56)
Top of the 8th over - 0 runs, 1 hit, 0 errors, 2 left on base; Rutgers 0 - Penn State 1
BOTTOM OF THE 8TH
Penn State Nittany Lions batting - Pitching for Rutgers Scarlet Knights : RHP Robin Richmond
Pitching: RHP Jorge Rodríguez
Batting: RHB Steffen Hansen 0-0: Called Strike
0-1: Called Strike
0-2: Strikes out looking
Batting: LHB Damian West 0-0: Ball
1-0: Foul Ball, location: 2F
1-1: Ground out 5-3 (Groundball, 5L)
Batting: RHB Greg Coleman 0-0: Ball
1-0: SOLO HOME RUN (Flyball, 7D), Distance : 368 ft
Batting: RHB Lane Wilcox 0-0: Ball
1-0: Swinging Strike
1-1: Ball
2-1: Ground out 5-3 (Groundball, 56)
Bottom of the 8th over - 1 run, 1 hit, 0 errors, 0 left on base; Rutgers 0 - Penn State 2
TOP OF THE 9TH
Rutgers Scarlet Knights batting - Pitching for Penn State Nittany Lions : LHP Ryan Roach
Pitching: RHP Raúl Pérez
Batting: RHB Norm Gunn 0-0: Ball
1-0: Foul Ball, location: 2F
1-1: Ball
2-1: Ball
3-1: Base on Balls
Batting: SHB Pat Brock 0-0: Fielders Choice at 2nd, 6-4 (Groundball, 6)
Batting: RHB Michael Gibson 0-0: Ball
1-0: Foul Ball, location: 2F
1-1: Foul Ball, location: 2F
1-2: Ball
2-2: Foul Ball, location: 2F
2-2: Strikes out looking
Batting: RHB Howard Battle 0-0: Ball
1-0: Called Strike
1-1: Ball
2-1: Ball
3-1: Fly out, F8 (Flyball, 89D)
Top of the 9th over - 0 runs, 0 hits, 0 errors, 1 left on base; Rutgers 0 - Penn State 2
Saturday, December 16th, 2017 - OOTP Baseball 18.8 Build 76